 Dungeon Sprint DCSS version 0.17-a0-1637-g5d65775 (webtiles) character file.

5378 nuthulu the Grappler (level 10, 0/110 HPs)
             Began as a Troll Hunter on Aug 7, 2015.
             Was a High Priest of Okawaru.
             Succumbed to a spiny frog's poison
             ... in the Dungeon (Sprint III: "The Ten Rune Challenge").
             The game lasted 00:07:32 (1365 turns).

nuthulu the Grappler (Troll Hunter)                 Turns: 1365, Time: 00:07:32

Health: 0/110      AC:  6    Str: 24    XL:     10   Next: 39%
Magic:  7/9        EV: 18    Int:  7    God:    Okawaru [*****.]
Gold:   51         SH:  0    Dex: 13    Spells: 0 memorised, 9 levels left

rFire  . . .     SeeInvis .       - Unarmed
rCold  . . .     Clarity  .     d - +0 robe
rNeg   . . .     SustAt   .     (no shield)
rPois  .         Gourm    +     (helmet restricted)
rElec  .         Spirit   .     u - +0 cloak
rCorr  .         Warding  .     (gloves unavailable)
rMut   .         NoTele   +     (boots unavailable)
MR     .....                    (no amulet)
Stlth  ++........               (no ring)
                                (no ring)

@: lethally poisoned (0 -> -2), heroism, not resistant to hostile enchantments,
unstealthy
A: unfitting armour, claws 3, fangs 1, deformed body, fast metabolism 3,
gourmand, regeneration 2, screaming 1, shaggy fur 1, strong 1, tough skin 2
a: Heroism, Finesse, Renounce Religion


You were in the Dungeon.
You worshipped Okawaru.
Okawaru was extremely pleased with you.
You were not hungry.

You visited 1 branch You collected 51 gold pieces.

Inventory:

Hand weapons
 f - a +0 blowgun
Missiles
 g - 6 curare-tipped needles
 n - 3 throwing nets (quivered)
Armour
 d - a +0 robe (worn)
 u - a +0 cloak (worn)
Magical devices
 q - a wand of slowing (20)
Scrolls
 c - a scroll of recharging
 k - 2 scrolls of blinking
 m - a scroll of torment {unknown}
 o - a scroll of remove curse
 s - a scroll of holy word {unknown}
Potions
 a - a potion of might
 h - a potion of haste
 i - 2 potions of magic
 r - 3 potions of flight
 t - 2 potions of cure mutation {unknown}
Books
 j - a book of the Tempests

   Spells                             Type                      Level
   a - Static Discharge               Conjuration/Air              3
   b - Lightning Bolt                 Conjuration/Air              5
   c - Fireball                       Conjuration/Fire             5
   d - Tornado                        Air                          9
   e - Shatter                        Earth                        9
Comestibles
 e - 3 bread rations
 p - 2 royal jellies


   Skills:
 + Level 10.2(15.2) Fighting
 + Level 11.5(16.5) Throwing
 + Level 6.3(11.3) Armour
 + Level 10.2(15.2) Dodging
 - Level 0.4(5.4) Stealth
 + Level 11.8(16.8) Unarmed Combat


You had 9 spell levels left.
You didn't know any spells.

Dungeon Overview and Level Annotations

Branches:
Dungeon (1/1)

Altars:
Cheibriados
Dithmenos
Elyvilon
Fedhas
Gozag
Kikubaaqudgha
Makhleb
Nemelex Xobeh
Okawaru
Qazlal
Ru
Sif Muna
Trog
Vehumet
Xom
Yredelemnul
Zin
The Shining One
Jiyva
Lugonu


Innate Abilities, Weirdness & Mutations

You are too large for most types of armour.
You have claws for hands.
Your metabolism is lightning-fast.
You like to eat raw meat.
You heal very quickly.
You are covered in fur (AC +1).
You have very tough skin (AC +2).
You have very sharp teeth.
Armour fits poorly on your strangely shaped body.
You occasionally shout uncontrollably at your foes.
Your muscles are strong. (Str +2)


Message History

The spiny frog struggles to escape the net.
The spiny frog breaks free.
The spiny frog stings you!!
* * * LOW HITPOINT WARNING * * *
You feel sick.
You feel sick. The spiny frog stings you!
* * * LOW HITPOINT WARNING * * *
* * * LOW HITPOINT WARNING * * *
You feel sick.
Drink which item? (? for menu, Esc to quit)
Okay, then.
Use which ability? (? or * to list)
You gain the combat prowess of a mighty hero.
You feel slightly more hungry.
* * * LOW HITPOINT WARNING * * *
You feel sick. The spiny frog stings you.
* * * LOW HITPOINT WARNING * * *
You claw the spiny frog!
You bite the spiny frog, but do no damage.
The spiny frog is lightly wounded.
You die...

♣.'.⌠........# ..#...######'#
..#.⌠.#__#...#+##################
..#...#__#..)#....#.#.#.....#....
..#)###__#...##.#..#.##.###)#....
..#...#__#..))##)#.#.##)#..##....
..#___#_.'...#...#..#..##..'.....
▓▓▓▓▓▓▓▓▓▓▓▓▓▓▓▓▓▓▓▓▓▓▓▓▓▓▓#.....
♣(((..F@....≈≈≈...#.....
♣'♣≈≈≈≈≈≈≈≈≈≈≈≈♣♣P.'.....
.≈♣♣♣♣♣♣♣♣♣♣♣♣♣♣♣♣PP#.)... #..
♣♣♣##)### ## #...+ #...# #...#
#####


You could see a spiny frog.

Vanquished Creatures
  Dowan (D)
  Erolcha (D)
  A spiny frog (D)
  Duvessa (D)
  A komodo dragon (D)
  A deep elf priest (D)
  3 wandering mushrooms (D)
  A redback (D)
  A shadow (D)
  2 trapdoor spiders (D)
  A spatial vortex (D)
  2 hill giants (D)
  A necrophage (D)
  3 two-headed ogres (D)
  A water elemental (D)
  A wizard (D)
  A necromancer (D)
  A jelly (D)
  A wolf (D)
  A kobold demonologist (D)
  3 humans (D)
  An ooze (D)
  3 rats (D)
33 creatures vanquished.

Vanquished Creatures (others)
  2 draconian scorchers (D)
  A yaktaur (D)
  An electric eel (D)
4 creatures vanquished.

Grand Total: 37 creatures vanquished

Notes
Turn   | Place    | Note
--------------------------------------------------------------
     0 | D        | nuthulu the Troll Hunter began the quest for the Orb.
     0 | D        | Reached XP level 1. HP: 19/19 MP: 0/0
    11 | D        | Reached skill level 1 in Unarmed Combat
    18 | D        | Killed a yaktaur
    67 | D        | Reached skill level 4 in Throwing
    67 | D        | Reached XP level 2. HP: 26/29 MP: 1/1
    79 | D        | Noticed a wolf
    92 | D        | Killed a wolf
    92 | D        | Reached XP level 3. HP: 9/37 MP: 2/2
   121 | D        | Killed a white draconian scorcher
   174 | D        | Gained mutation: Armour fits poorly on your strangely shaped body. [potion of mutation]
   174 | D        | Gained mutation: You are robust (+10% HP). [potion of mutation]
   174 | D        | Gained mutation: You occasionally shout uncontrollably at your foes. [potion of mutation]
   175 | D        | Gained mutation: Your muscles are strong. (Str +2) [potion of mutation]
   175 | D        | Lost mutation: You are robust (+10% HP). [potion of mutation]
   175 | D        | Gained mutation: You have very sharp teeth. [potion of mutation]
   207 | D        | Killed a white draconian scorcher
   250 | D        | Noticed a water elemental
   270 | D        | Killed a water elemental
   270 | D        | Reached skill level 5 in Throwing
   270 | D        | Reached XP level 4. HP: 4/48 MP: 3/3
   362 | D        | Found a radiant altar of Vehumet.
   362 | D        | Found a deep blue altar of Sif Muna.
   362 | D        | Found an ancient bone altar of Kikubaaqudgha.
   362 | D        | Noticed a wizard
   363 | D        | Killed a wizard
   363 | D        | Reached XP level 5. HP: 53/55 MP: 4/4
   364 | D        | Reached skill level 6 in Throwing
   364 | D        | Reached skill level 5 in Unarmed Combat
   388 | D        | Found an iron altar of Okawaru.
   388 | D        | Found a bloodstained altar of Trog.
   388 | D        | Noticed a human
   390 | D        | Noticed a human
   391 | D        | Killed a human
   391 | D        | Reached skill level 5 in Fighting
   391 | D        | Reached skill level 5 in Dodging
   391 | D        | Reached XP level 6. HP: 54/66 MP: 5/5
   398 | D        | HP: 3/66 [human/short sword (15)]
   399 | D        | Killed a human
   399 | D        | Reached skill level 7 in Throwing
   431 | D        | Killed an electric eel
   503 | D        | Became a worshipper of Warmaster Okawaru
   511 | D        | Found a glowing silver altar of Zin.
   511 | D        | Found a glowing golden altar of the Shining One.
   511 | D        | Found a white marble altar of Elyvilon.
   512 | D        | Noticed a deep elf priest
   517 | D        | Killed a deep elf priest
   517 | D        | Reached skill level 8 in Throwing
   517 | D        | Reached XP level 7. HP: 74/76 MP: 6/6
   532 | D        | Found a basalt altar of Yredelemnul.
   532 | D        | Found a snail-covered altar of Cheibriados.
   532 | D        | Found a blossoming altar of Fedhas.
   532 | D        | Noticed a necrophage
   532 | D        | Noticed a necromancer
   537 | D        | Killed a necromancer
   540 | D        | Killed a necrophage
   540 | D        | Acquired Okawaru's first power
   584 | D        | Noticed a jelly
   585 | D        | Noticed a shadow
   592 | D        | Killed a shadow
   597 | D        | Killed a jelly
   604 | D        | Found a stormy altar of Qazlal.
   604 | D        | Found a sacrificial altar of Ru.
   604 | D        | Found a burning altar of Makhleb.
   604 | D        | Found a shimmering altar of Xom.
   604 | D        | Noticed a spatial vortex
   609 | D        | Killed a spatial vortex
   609 | D        | Reached skill level 9 in Throwing
   609 | D        | Reached XP level 8. HP: 86/88 MP: 7/7
   610 | D        | Found a viscous altar of Jiyva.
   610 | D        | Found a shadowy altar of Dithmenos.
   610 | D        | Found a sparkling altar of Nemelex Xobeh.
   610 | D        | Found a corrupted altar of Lugonu.
   610 | D        | Found an opulent altar of Gozag.
   624 | D        | Noticed a two-headed ogre
   624 | D        | Noticed a two-headed ogre
   632 | D        | Killed a two-headed ogre
   638 | D        | Killed a two-headed ogre
   655 | D        | Noticed a two-headed ogre
   657 | D        | Killed a two-headed ogre
   760 | D        | Noticed a hill giant
   766 | D        | Killed a hill giant
   766 | D        | Reached skill level 1 in Armour
   811 | D        | Noticed Erolcha
   812 | D        | Noticed a hill giant
   822 | D        | Killed Erolcha
   822 | D        | Reached skill level 10 in Throwing
   822 | D        | Reached skill level 10 in Unarmed Combat
   822 | D        | Reached XP level 9. HP: 76/97 MP: 5/8
   825 | D        | Killed a hill giant
   856 | D        | Noticed a redback
   859 | D        | Noticed a trapdoor spider
   861 | D        | Killed a trapdoor spider
   867 | D        | Killed a redback
   880 | D        | Noticed a wandering mushroom
   883 | D        | Noticed Duvessa
   887 | D        | Noticed Dowan
   902 | D        | Killed Dowan
   902 | D        | Acquired Okawaru's second power
   902 | D        | Reached skill level 5 in Armour
   902 | D        | Reached skill level 11 in Unarmed Combat
   902 | D        | Reached XP level 10. HP: 21/109 MP: 7/9
   908 | D        | Killed Duvessa
   952 | D        | Noticed a trapdoor spider
   954 | D        | Killed a trapdoor spider
  1148 | D        | Killed a wandering mushroom
  1148 | D        | Reached skill level 10 in Fighting
  1148 | D        | Reached skill level 10 in Dodging
  1151 | D        | Noticed a wandering mushroom
  1153 | D        | Noticed a wandering mushroom
  1167 | D        | Killed a wandering mushroom
  1185 | D        | Killed a wandering mushroom
  1345 | D        | Noticed a spiny frog
  1345 | D        | Noticed a komodo dragon
  1345 | D        | Noticed a spiny frog
  1351 | D        | Killed a spiny frog
  1356 | D        | Killed a komodo dragon
  1362 | D        | HP: 2/110 [spiny frog (15)]
  1365 | D        | Succumbed to a spiny frog's poison

Vault maps used:
D:        dungeon_sprint_mu

Action                   |  1- 3 |  4- 6 |  7- 9 | 10-12 || total
-------------------------+-------+-------+-------+-------++-------
Melee: Unarmed           |    25 |     7 |    31 |    17 ||    80
Throw: Large rock        |     7 |     7 |    26 |    12 ||    52
       Throwing net      |       |     3 |     3 |     4 ||    10
Invok: Heroism           |       |       |     2 |     1 ||     3
  Use: Potion            |     4 |       |     3 |       ||     7
       Scroll            |     3 |       |     1 |       ||     4
 Stab: Held in net/web   |       |       |     3 |     1 ||     4
  Eat: Chunk             |     4 |       |    10 |       ||    14
